 Dungeon Crawl Stone Soup version 0.27-a0-998-g4cfe56dd59 (webtiles) character file.

Game seed: 9102330720546288209

29551 dickylongcocking the Protected (level 13, -1/101 HPs)
             Began as a Djinni Fire Elementalist on Apr 16, 2021.
             Was a Priest of Makhleb.
             Slain by an orc warrior
             ... wielding a +0 scimitar
              (21 damage)
             ... on level 2 of the Orcish Mines.
             The game lasted 00:29:18 (19506 turns).

dickylongcocking the Protected (DjFE)              Turns: 19506, Time: 00:29:19

Health: -1/101     AC: 17    Str:  7    XL:     13   Next: 46%
Gold:   645        EV: 15    Int: 21    God:    Makhleb [***...] SH:  5 Dex: 15

rFire    + + .     SeeInvis +   i - staff of fire
rCold    . . .     Faith    .   g - +0 buckler of Ru's Favour {+Blink SInv Stlth+}
rNeg     . . .     Spirit   .   r - quicksilver dragon scales
rPois    ∞         Reflect  .   (no helmet)
rElec    .         Harm     .   o - +0 cloak
rCorr    .         Rampage  .   I - +0 pair of gloves
Will     ++...                  (boots unavailable)
Stlth    ++........             y - amulet of regeneration
HPRegen  1.26/turn              b - +4 ring of evasion
MPRegen  0.00/turn              k - ring of ice

@: flying
A: fire resistance 2, cold vulnerability 1, float, innate caster, hp casting,
extra vitality 1
a: Renounce Religion, Evoke Blink, Minor Destruction, Lesser Servant of Makhleb


You were on level 2 of the Orcish Mines.
You worshipped Makhleb.
Makhleb was most pleased with you.
You visited 3 branches of the dungeon, and saw 18 of its levels.

You collected 901 gold pieces.
You spent 256 gold pieces at shops.

Inventory:

Hand Weapons
 h - a +1 whip of flaming
Missiles
 d - 2 throwing nets
 q - 5 curare-tipped darts
Armour
 a - a +0 robe
 e - a +0 cloak
 g - the +0 buckler of Ru's Favour (worn) {+Blink SInv Stlth+}
   (You bought it in a shop on level 6 of the Dungeon)

   It lets you see invisible.
   It lets you blink.
   It makes you more stealthy.
 o - a +0 cloak (worn)
 r - quicksilver dragon scales (worn)
 I - a +0 pair of gloves (worn)
 J - +0 steam dragon scales
 M - a +2 robe of cold resistance
 N - a scarf of harm
Magical Staves
 i - a staff of fire (weapon)
 L - a staff of conjuration
 Q - a staff of cold
Jewellery
 b - a +4 ring of evasion (left hand)
 k - a ring of ice (right hand)
 p - a +4 ring of evasion
 y - an amulet of regeneration (around neck)
 z - a +6 ring of dexterity
 G - a ring of protection from fire
 H - a ring of ice
Wands
 m - a wand of mindburst (19)
 n - a wand of iceblast (10)
 v - a wand of paralysis (9)
 O - a wand of flame (26)
Scrolls
 f - 2 scrolls of enchant armour
 l - 3 scrolls of vulnerability
 s - 3 scrolls of enchant weapon
 t - a scroll of holy word
 u - a scroll of amnesia {unknown}
 w - 2 scrolls of fog
 B - 3 scrolls of brand weapon
 E - a scroll of noise {unknown}
 F - a scroll of silence {unknown}
 K - a scroll of identify
Potions
 c - 2 potions of attraction
 j - a potion of curing
 x - a potion of ambrosia
 A - a potion of cancellation {unknown}
 C - 3 potions of brilliance {unknown}
 P - 2 potions of might


   Skills:
 + Level 12.2 Fighting
 * Level 13.0 Armour
 - Level 2.7 Dodging
 - Level 1.6 Stealth
 - Level 4.0 Shields
 + Level 11.0 Spellcasting


You couldn't memorise any spells.
You knew the following spells:

 Your Spells              Type           Power      Damage    Failure   Level
a - Foxfire               Conj/Fire      100%       2x1d9     1%          1
b - Conjure Flame         Conj/Fire      72%        6-21      1%          3
c - Inner Flame           Hex/Fire       72%        N/A       1%          3
d - Sticky Flame          Conj/Fire      72%        2d9       1%          4
e - Fireball              Conj/Fire      36%        3d15      4%          5
f - Magic Dart            Conj           100%       1d8       1%          1
g - Call Imp              Summ           55%        N/A       1%          2
h - Tukima's Dance        Hex            55%        N/A       1%          3
i - Swiftness             Air            55%        N/A       1%          3
j - Summon Lightning Spi  Summ/Air       55%        N/A       1%          4
k - Summon Mana Viper     Hex/Summ       55%        N/A       4%          5
Your spell library was empty.

Dungeon Overview and Level Annotations

Branches:
Dungeon (15/15)            Temple (1/1) D:6            Lair (0/6) D:8
    Orc (1/2) D:12         Depths (0/5) D:15
 Vaults: D:13-14

Altars:
Ashenzari
Cheibriados
Dithmenos
Elyvilon
Fedhas
Gozag
Hepliaklqana
Kikubaaqudgha
Makhleb
Nemelex Xobeh
Okawaru
Qazlal
Ru
Sif Muna
Trog
Uskayaw
Vehumet
Wu Jian
Xom
Yredelemnul
Zin
The Shining One

Shops:
D:2 =   D:6 ([

Portals:
Trove: D:10 (give +5 demon whip)

Annotations:
D:3 2 transporters


Innate Abilities, Weirdness & Mutations

You are immune to poison.
Your flesh is very heat resistant. (rF++)
You are vulnerable to cold. (rC-)
You float through the air rather than walking.
You learn spells naturally, not from books.
Your magical power is your life essence.
You have superior vitality. (+4 HP)


Message History

The orc warrior burns!
The orc warrior hits you but does no damage.
Unknown command.
The orc warrior burns!
An orc priest comes into view. It is wielding a +0 club.
The orc warrior burns!
Casting: Sticky Flame (mildly dangerous; 1% risk of failure)
Confirm with . or Enter, or press ? or * to list all spells.
Okay, then.
The orc warrior burns!
An orc warrior and an orange demon come into view.
The orc warrior burns!
The orc warrior stops burning.
The orc priest looks satisfied for a moment.
Casting: Sticky Flame (mildly dangerous; 1% risk of failure)
Confirm with . or Enter, or press ? or * to list all spells.
Okay, then.
Casting: Sticky Flame (mildly dangerous; 1% risk of failure)
Confirm with . or Enter, or press ? or * to list all spells.
Aiming: Fireball (dangerous; 4% risk of failure)
Press: ? - help, Shift-Dir - straight line, p - orc warrior
Okay, then.
Press: ? - help, v - describe, . - travel
Here: an orange demon (wandering, hasn't noticed you)
The floor.
Casting: Fireball (dangerous; 4% risk of failure)
Confirm with . or Enter, or press ? or * to list all spells.
Aiming: Fireball (dangerous; 4% risk of failure)
Press: ? - help, Shift-Dir - straight line, f - orc priest, p - orc warrior
Aim: an orc priest, wielding a +0 club and wearing a +0 ring mail You feel a surge of power!
The fireball explodes!
The fireball engulfs the orc priest!!
You kill the orc priest!
Makhleb accepts your kill.
The fireball engulfs the orange demon!!!
The orange demon is almost dead.
The orange demon screeches!
* * * LOW HITPOINT WARNING * * *
You hear a shout! x8
The orc warrior hits you with a +0 scimitar!!
You die...

### ##.##
#@o.##
#.#.#.##
#...#...##
#...###.o.##
#.4)#
##.).##
....#
..##)..##
#o..#
#..##.))##
...#
#..##)#.##
#.o.))).##


You could see an orc knight, an orange demon and 2 orc warriors.

Vanquished Creatures
  Fannar (D:11)
  2 hydras
  3 centaur warriors (D:13)
  5 two-headed ogres
  2 tengu warriors
  2 orc high priests (Orc:2)
  Urug (D:11)
  An orc knight (Orc:2)
  3 orc sorcerers
  2 cyclopes
  A gargoyle (D:12)
  3 kobold demonologists (D:14)
  2 efreet (D:13)
  A komodo dragon (D:8)
  An ice devil (Orc:2)
  5 trolls
  3 slime creatures (D:12)
  13 yaks
  2 vampires
  2 wyverns
  A wraith (D:11)
  A basilisk (D:12)
  6 vampire mosquitoes
  2 steam dragons
  3 acid dragons
  2 water moccasins
  A necrophage (D:7)
  9 orc warriors
  An ice beast (D:6)
  A sky beast (D:5)
  A black bear (D:4)
  2 ogres
  A hornet zombie (D:5)
  15 centaurs
  6 kobold brigands
  The ghost of voltaire321 the Sneak, an amateur OpWz (D:3)
  A bullfrog (D:8)
  2 scorpions
  A wyvern skeleton (D:7)
  A water moccasin skeleton (D:4)
  11 killer bees (D:9)
  A wight (D:6)
  6 howler monkeys
  2 centaur zombies
  2 jellies
  A centaur skeleton (D:7)
  14 orc priests
  4 hounds
  Natasha (D:2)
  9 orc wizards
  A killer bee zombie (D:6)
  4 hound skeletons
  4 howler monkey zombies
  5 gnolls (D:5)
  9 adders
  2 shadow imps
  A white imp (D:5)
  An ufetubus (D:4)
  A worm (D:2)
  3 dart slugs
  38 orcs
  10 ball pythons
  4 endoplasms
  A giant cockroach (D:2)
  6 goblins
  8 hobgoblins
  6 jackals
  3 quokkas
  4 bats
  A frilled lizard (D:1)
  15 kobolds
  3 rats
294 creatures vanquished.

Vanquished Creatures (collateral kills)
  A centaur warrior (D:13)
  A tengu warrior (D:13)
  2 two-headed ogres
  An orc high priest (Orc:2)
  3 skeletal warriors (D:12)
  A manticore (D:14)
  A wraith (D:14)
  3 yaks (D:12)
  An orc warrior (Orc:1)
  An ogre (Orc:1)
  A centaur (D:13)
  An orc priest (Orc:2)
  4 orcs
  An endoplasm (D:3)
  A ball python (D:3)
  2 foxfires
25 creatures vanquished.

Vanquished Creatures (others)
  3 dancing weapons (D:13)
  A centaur (D:13)
  An orc wizard (D:6)
  An orc (D:3)
  A goblin (D:4)
  A quokka (D:3)
  730 foxfires
  9 plants
747 creatures vanquished.

Grand Total: 1066 creatures vanquished

Notes
Turn   | Place    | Note
-------+----------+-------------------------------------------
     0 | D:1      | dickylongcocking the Djinni Fire Elementalist began the
                  | quest for the Orb.
     0 | D:1      | Reached XP level 1. HP: 15/15 MP: 0/0
   224 | D:1      | Reached XP level 2. HP: 18/21 MP: 0/0
  1483 | D:1      | Reached XP level 3. HP: 10/25 MP: 0/0
  1483 | D:1      | Learned a level 1 spell: Magic Dart
  1756 | D:2      | Found a faded altar of an unknown god.
  2674 | D:2      | Noticed Natasha
  2678 | D:2      | Killed Natasha
  2679 | D:2      | Reached skill level 1 in Fighting
  2679 | D:2      | Reached XP level 4. HP: 30/32 MP: 0/0
  2777 | D:2      | Found Paibukah's Jewellery Emporium.
  3091 | D:3      | Found a transporter.
  3184 | D:3      | Reached XP level 5. HP: 24/38 MP: 0/0
  3184 | D:3      | Learned a level 2 spell: Call Imp
  4023 | D:3      | Found a transporter.
  4292 | D:3      | Found an ornate altar of the Wu Jian Council.
  4401 | D:3      | Found a runed translucent door.
  4407 | D:3      | Noticed voltaire321's ghost (amateur OpWz)
  4746 | D:3      | HP: 1/39 [voltaire321's ghost/magic dart (12)]
  4811 | D:4      | Reached XP level 6. HP: 7/46 MP: 0/0
  5087 | D:3      | Killed voltaire321's ghost
  5679 | D:4      | Found a white marble altar of Elyvilon.
  5813 | D:4      | Noticed a black bear
  5818 | D:4      | Reached skill level 5 in Spellcasting
  5845 | D:4      | Killed a black bear
  5846 | D:4      | Reached XP level 7. HP: 1/52 MP: 0/0
  5846 | D:4      | Learned a level 3 spell: Tukima's Dance
  7268 | D:5      | Entered Level 5 of the Dungeon
  7508 | D:5      | Reached skill level 5 in Fighting
  7953 | D:5      | Reached XP level 8. HP: 49/61 MP: 0/0
  8786 | D:6      | Found Ulyemuvut's Antique Armour Shoppe.
  9073 | D:6      | Found a hazy altar of Hepliaklqana.
  9171 | D:6      | Found Vitedyaz's Antique Weapon Shop.
  9513 | D:6      | You are sucked into a shaft and drop 2 floors!
  9628 | D:7      | Reached XP level 9. HP: 41/68 MP: 0/0
  9628 | D:7      | Learned a level 3 spell: Swiftness
 10227 | D:6      | Bought a fading buckler for 256 gold pieces
 10227 | D:6      | Identified the +0 buckler of Ru's Favour {+Blink SInv
                  | Stlth+} (You bought it in a shop on level 6 of the Dungeon)
 10338 | D:6      | Reached skill level 1 in Armour
 10522 | D:6      | You are sucked into a shaft and drop 3 floors!
 10547 | D:9      | Reached skill level 1 in Shields
 10767 | D:9      | Reached skill level 2 in Armour
 11021 | D:9      | Reached skill level 3 in Armour
 11245 | D:9      | Noticed a two-headed ogre
 11747 | D:6      | Reached XP level 10. HP: 43/77 MP: 0/0
 12011 | D:6      | Found a bloodstained altar of Trog.
 12011 | D:6      | Found a staircase to the Ecumenical Temple.
 12026 | Temple   | Entered the Ecumenical Temple
 12140 | Temple   | Became a worshipper of Makhleb the Destroyer
 12490 | D:7      | Noticed a two-headed ogre
 12497 | D:7      | Reached skill level 4 in Armour
 12514 | D:7      | Killed a two-headed ogre
 12515 | D:7      | Reached skill level 5 in Armour
 13013 | D:8      | Reached skill level 6 in Armour
 13285 | D:8      | Found a glowing silver altar of Zin.
 13476 | D:8      | Found a snail-covered altar of Cheibriados.
 13611 | D:8      | Found a staircase to the Lair.
 14344 | D:9      | Killed a two-headed ogre
 14345 | D:9      | Reached skill level 7 in Armour
 14345 | D:9      | Reached XP level 11. HP: 56/84 MP: 0/0
 14345 | D:9      | Learned a level 4 spell: Summon Lightning Spire
 14683 | D:10     | Entered Level 10 of the Dungeon
 14744 | D:10     | Found a broken altar of Ashenzari.
 14873 | D:10     | Found a portal to a secret trove of treasure.
 14975 | D:10     | Reached * piety under Makhleb
 15450 | D:10     | Noticed a two-headed ogre
 15463 | D:10     | Killed a two-headed ogre
 15464 | D:10     | Reached skill level 8 in Armour
 15837 | D:11     | Noticed Urug
 15847 | D:11     | Killed Urug
 15848 | D:11     | Reached skill level 10 in Fighting
 15935 | D:11     | Noticed a four-headed hydra
 15975 | D:11     | Killed a four-headed hydra
 15976 | D:11     | Reached skill level 9 in Armour
 16016 | D:11     | Noticed a cyclops
 16026 | D:11     | HP: 3/85 [cyclops/large rock (33)]
 16027 | D:11     | Killed a cyclops
 16393 | D:11     | Noticed Fannar
 16411 | D:11     | Killed Fannar
 16802 | D:12     | Noticed a two-headed ogre
 16815 | D:12     | Killed a two-headed ogre
 16917 | D:12     | Noticed a skeletal warrior
 16917 | D:12     | Noticed a skeletal warrior
 16917 | D:12     | Noticed a skeletal warrior
 16929 | D:12     | Killed a skeletal warrior
 16930 | D:12     | Reached skill level 10 in Armour
 16932 | D:12     | Killed a skeletal warrior
 16932 | D:12     | Killed a skeletal warrior
 16933 | D:12     | Reached XP level 12. HP: 62/93 MP: 0/0
 17137 | D:12     | You are sucked into a shaft and drop 1 floor!
 17138 | D:13     | Noticed a centaur warrior
 17138 | D:13     | Noticed a centaur warrior
 17145 | D:13     | Reached skill level 10 in Spellcasting
 17150 | D:13     | Killed a centaur warrior
 17212 | D:13     | Killed a centaur warrior
 17220 | D:13     | Noticed a tengu warrior
 17222 | D:13     | Noticed a tengu warrior
 17224 | D:13     | Killed a tengu warrior
 17225 | D:13     | Reached skill level 11 in Armour
 17231 | D:13     | Noticed a centaur warrior
 17232 | D:13     | Killed a tengu warrior
 17237 | D:13     | Killed a centaur warrior
 17237 | D:13     | Reached ** piety under Makhleb
 17514 | D:13     | You are sucked into a shaft and drop 2 floors!
 17514 | D:15     | Entered Level 15 of the Dungeon
 17557 | D:15     | Noticed a boulder beetle
 17589 | D:14     | Noticed a tengu warrior
 17612 | D:14     | Killed a tengu warrior
 17766 | D:13     | Noticed a centaur warrior
 17928 | D:13     | Killed a centaur warrior
 17929 | D:13     | Reached skill level 12 in Armour
 18260 | D:12     | Noticed a two-headed ogre
 18260 | D:12     | Noticed a four-headed hydra
 18270 | D:12     | Killed a two-headed ogre
 18272 | D:12     | Killed a four-headed hydra
 18273 | D:12     | Reached XP level 13. HP: 70/100 MP: 0/0
 18273 | D:12     | Learned a level 5 spell: Summon Mana Viper
 18584 | D:12     | Found a staircase to the Orcish Mines.
 18668 | D:12     | You are sucked into a shaft and drop 2 floors!
 18679 | D:14     | HP: 4/100 [skeletal warrior/+0 glaive[a skeletal warrior]
                  | (15)]
 19255 | Orc:1    | Entered Level 1 of the Orcish Mines
 19469 | Orc:1    | You are sucked into a shaft and drop 1 floor!
 19469 | Orc:2    | Entered Level 2 of the Orcish Mines
 19487 | Orc:2    | Reached *** piety under Makhleb
 19487 | Orc:2    | Paralysed by an orc sorcerer for 2 turns
 19489 | Orc:2    | HP: 4/99 [orc high priest/+0 trident (17)]
 19494 | Orc:2    | Reached skill level 13 in Armour
 19497 | Orc:2    | HP: 1/101 [orc high priest/divine providence (14)]
 19506 | Orc:2    | Slain by an orc warrior

Illustrated notes

Levels and vault maps discovered:
D:1:      minmay_arrival_nine_rooms, layout_loops_corners
D:2:      layout_loops_ring, ebering_ecumenical_altar_box, serial_shops, shop,
          nrook_campfire, chequers_garden, uniq_natasha
D:3:      gammafunk_wand_slinger, layout_basic,
          pdpol_wu_jian_five_deadly_venoms, hellmonk_ghost_happy_afterlife,
          kennysheep_generic_room_15
D:4:      layout_cave_pods, elyvilon_altar_4, kennysheep_pointless_box,
          chequers_serial_rivers_room_b, minmay_misc_feat_nine_boxes,
          kennysheep_nondescript
D:5:      kennysheep_six_static_rooms, layout_loops_cross, kennysheep_boxes
D:6:      layout_loops_corners, trog_book, gammafunk_temple_overflow_wave,
          minmay_temple_entry_statues_fountains, serial_shops,
          kennysheep_little_box, shop, minmay_fractal_squares_5
D:7:      layout_rooms, overflow_temple_1_default, kennysheep_nub,
          serial_bayou_pond_c, minmay_chambers_of_fives
D:8:      layout_gridville, lemuel_coloured_pillars_altar,
          overflow_temple_1_default, david_lair_shrubbed
D:9:      layout_loops_ring
D:10:     layout_grid_maze, nicolae_ashenzari_skybound,
          nicolae_trove_entry_crystal
D:11:     layout_roguey, uniq_urug, uniq_fannar
D:12:     layout_roguey, orc_0_dummy
D:13:     layout_rooms
D:14:     layout_loops_ring, erik_vaults_1, minmay_misc_feat_more_columns
D:15:     hangedman_depths_entry_try_elsewhere_first, layout_loops_ring,
          ebering_ghost_rock_garden, cheibriados_altar_1, uniq_roxanne
Temple:   cyrus_circular_temple
Orc:1:    layout_caves, minmay_orc_keep
Orc:2:    pf_orc_diabolical, layout_caves, gammafunk_ghost_stat_death,
          statue_in_the_mist_lemuel, uniq_azrael

Skill      XL: |  1  2  3  4  5  6  7  8  9 10 11 12 13 |
---------------+----------------------------------------+-----
Spellcasting   | 3 4 5 6 7 8 9 10 11 | 11.0
Fighting       | 1 2 3 4 5 7 8 9 10 11 12 | 12.2
Armour         | 3 7 10 12 13 | 13.0
Shields        | 3 4 |  4.0
Dodging        | |  2.7
Stealth        | |  1.6

Action                   |  1- 3 |  4- 6 |  7- 9 | 10-12 | 13-15 || total
-------------------------+-------+-------+-------+-------+-------++-------
Melee: Unarmed           |    15 |       |       |       |       ||    15
       Staff             |     1 |    15 |    87 |    59 |     6 ||   168
 Cast: Foxfire           |    58 |    70 |   172 |   152 |     8 ||   460
       Sticky Flame      |       |     5 |    24 |    68 |    18 ||   115
       Conjure Flame     |       |     8 |       |       |       ||     8
       Inner Flame       |       |     3 |     8 |    29 |    10 ||    50
       Call Imp          |       |     2 |       |       |       ||     2
       Fireball          |       |     2 |     1 |    16 |     7 ||    26
       Tukima's Dance    |       |       |     3 |     8 |    12 ||    23
       Summon Lightning  |       |       |       |    12 |     3 ||    15
       Magic Dart        |       |       |       |     2 |       ||     2
       Summon Mana Viper |       |       |       |       |     2 ||     2
Evoke: Wand              |       |       |     1 |     3 |     2 ||     6
  Use: Potion            |       |     6 |     6 |     3 |     6 ||    21
       Scroll            |       |     3 |    12 |     7 |       ||    22
 Stab: Sleeping          |     1 |       |       |     1 |       ||     2
Armor: Robe              |     5 |     9 |     5 |       |       ||    19
       Quicksilver drago |       |       |    82 |    88 |    27 ||   197
       Skin              |       |       |     2 |       |       ||     2
Dodge: Dodged            |    30 |    61 |   272 |   153 |    45 ||   561
Block: Buckler           |       |       |    14 |    58 |    12 ||    84

Table legend: (Time is in decaauts)
 A = Elapsed time spent in this place.
 B = Non-inter-level travel time spent in this place.
 C = Inter-level travel time spent in this place.
 D = Time resting spent in this place.
 E = Time spent auto-exploring this place.
 F = Levels seen in this place.
 G = Mean time per level.
                   A        B        C        D        E       F      G
               +--------+--------+--------+--------+--------+-----+--------+
         Total |  19564 |  18735 |    829 |   3255 |  12807 |  18 | 1086.9 |
       Dungeon |  19184 |  18369 |    815 |   3146 |  12639 |  15 | 1278.9 |
        Temple |    129 |    115 |     14 |      0 |    105 |   1 |  129.0 |
  Orcish Mines |    250 |    250 |      0 |    109 |     63 |   2 |  125.0 |
               +--------+--------+--------+--------+--------+-----+--------+

Top non-repeatable levels by time:
     D:4: 2130 daAuts
     D:3: 2075 daAuts
     D:6: 1911 daAuts
     D:1: 1755 daAuts
     D:9: 1675 daAuts
     D:5: 1502 daAuts
     D:2: 1334 daAuts
     D:8: 1158 daAuts
    D:10: 1124 daAuts
    D:11: 1092 daAuts
     D:7: 1058 daAuts
    D:12: 1007 daAuts
    D:13: 929 daAuts
    D:14: 361 daAuts
   Orc:1: 214 daAuts
